 Dungeon Crawl Stone Soup version 0.29.0-11-gd7f09526c8 (webtiles) character file.

Game seed: 18342638977656794099

64 H0rd4k the Charlatan (level 4, -1/33 HPs)
             Began as a Human Artificer on Sept 6, 2022.
             Succumbed to a scorpion's poison
             ... on level 3 of the Dungeon.
             The game lasted 00:01:54 (2894 turns).

H0rd4k the Charlatan (Human Artificer)              Turns: 2894, Time: 00:01:55

Health: -1/33      AC:  3    Str: 12    XL:     4   Next: 32%
Magic:  4/4        EV: 12    Int: 13    God:
Gold:   61         SH:  0    Dex: 14    Spells: 3/3 levels left

rFire   . . .      SeeInvis .   k - +0 dagger (venom)
rCold   . . .      Faith    .   (no shield)
rNeg    . . .      Spirit   .   b - +0 leather armour
rPois   .          Reflect  .   (no helmet)
rElec   .          Harm     .   (no cloak)
rCorr   .          Rampage  .   (no gloves)
Will    .....                   (no boots)
Stlth   +.........              (no amulet)
HPRegen 0.11/turn               (no ring)
MPRegen 0.09/turn               (no ring)

@: mighty, lethally poisoned (-1 -> -9)
A: no striking features
a: no special abilities


You were on level 3 of the Dungeon.
You visited 1 branch of the dungeon, and saw 3 of its levels.

You collected 61 gold pieces.

Inventory:

Hand Weapons
 a - a +0 club
 k - a +0 dagger of venom (weapon)
Armour
 b - a +0 leather armour (worn)
 m - a scarf of shadows
Wands
 c - a wand of flame (14) (quivered)
 d - a wand of charming (15)
 e - a wand of iceblast (5)
 q - a wand of paralysis (6)
Scrolls
 f - 3 scrolls of identify {unknown}
 i - 2 scrolls of enchant weapon {unknown}
 l - a scroll of magic mapping {unknown}
 n - 3 scrolls of teleportation {unknown}
 o - a scroll of silence {unknown}
 p - a scroll of brand weapon {unknown}
Potions
 g - a potion of might
 h - a potion of brilliance {unknown}
 j - 6 potions of curing {unknown}
 r - a potion of haste {unknown}


   Skills:
 + Level 2.0 Fighting
 * Level 1.0 Short Blades
 + Level 2.1 Maces & Flails
 - Level 2.0 Armour
 + Level 2.0 Dodging
 - Level 1.0 Stealth
 - Level 3.0 Evocations


You had 3 spell levels left.
You didn't know any spells.
Your spell library contained the following spells:

 Spells                   Type           Power      Damage    Failure   Level
 Apportation              Tloc           0%         N/A       36%         1
 Alistair's Intoxication  Tmut/Pois      0%         N/A       100%        5


Dungeon Overview and Level Annotations

Branches:
Dungeon (3/15)

Altars:
Xom


Message History

The helpless orc fails to defend itself.
You hit the orc.
You kill the orc!
Your Dodging skill increases to level 2!
You see here a +0 short sword.
A scorpion is nearby!
A scorpion is nearby!
A ball python comes into view.
The scorpion stings you.
You are poisoned.
The scorpion poisons you!
There are monsters nearby!
You barely miss the scorpion.
You feel very sick. The scorpion misses you.
There are monsters nearby!
You hit the scorpion but do no damage.
You feel sick. The scorpion stings you.
You hit the scorpion but do no damage.
You feel sick. The scorpion barely misses you.
You barely miss the scorpion.
You feel sick. The scorpion stings you.
You hit the scorpion but do no damage.
The scorpion is poisoned.
You feel sick. The scorpion stings you.
You are lethally poisoned!
The scorpion poisons you!
You barely miss the scorpion.
The scorpion is lightly wounded.
You feel very sick.
The ball python hisses angrily.
The scorpion misses you. The scorpion stings you.
* * * LOW HITPOINT WARNING * * *
You hit the scorpion but do no damage.
The scorpion looks even sicker.
The scorpion is moderately wounded.
* * * LOW HITPOINT WARNING * * *
You feel very sick. The scorpion closely misses you.
* * * LOW HITPOINT WARNING * * *
You feel very sick.
It was a potion of might.
You feel very mighty all of a sudden.
You die...

# #.......#### ####
. #####......# #.. .
#...###.# #.# ##.# #
#.....##.###.##>....
..................#
###.....##.###.####
##.......# #.#####.#
#.####### #)......#
#. #@####### #s# #.#
#.# #S# ..# .## . .#


You could see a scorpion (very poisoned) and a ball python.

Vanquished Creatures
  2 adders (D:2)
  A dart slug (D:1)
  An orc (D:3)
  3 giant cockroaches
  7 goblins
  7 hobgoblins
  3 quokkas (D:1)
  5 ball pythons
  A bat (D:2)
  3 frilled lizards
  6 kobolds
  4 rats
43 creatures vanquished.

Notes
Turn   | Place    | Note
-------+----------+-------------------------------------------
     0 | D:1      | H0rd4k the Human Artificer began the quest for the Orb.
     0 | D:1      | Reached XP level 1. HP: 15/15 MP: 1/1
   505 | D:1      | Reached XP level 2. HP: 19/21 MP: 2/2
   625 | D:1      | Reached skill level 1 in Maces & Flails
  1283 | D:1      | Reached XP level 3. HP: 23/26 MP: 3/3
  2104 | D:2      | Found a shimmering altar of Xom.
  2115 | D:2      | Reached XP level 4. HP: 22/33 MP: 4/4
  2338 | D:2      | Found a faded altar of an unknown god.
  2784 | D:3      | Reached skill level 1 in Short Blades
  2881 | D:3      | Noticed a scorpion
  2893 | D:3      | HP: 1/33 [poisoned by a scorpion]
  2894 | D:3      | Succumbed to a scorpion's poison

Illustrated notes

Levels and vault maps discovered:
D:1:      beargit_arrival_diablo_church, layout_basic, st_stairs_7
D:2:      layout_basic, hellmonk_ecumenical_altar_leap_of_faith, basic_altar,
          minmay_tiny_reverse_x
D:3:      layout_loops_cross, mrwooster_statue_mirror,
          minmay_misc_feat_enclosed, minmay_crystal_water,
          dreamdust_princess_bridge, lemuel_flame_loot_1

Skill      XL: |  1  2  3  4 |
---------------+-------------+-----
Maces & Flails | 1 2 |  2.1
Fighting       | 2 |  2.0
Short Blades   | 1 |  1.0
Dodging        | 2 |  2.0
Armour         | |  2.0
Stealth        | |  1.0
Evocations     | |  3.0

Action                   |  1- 3 |  4- 6 || total
-------------------------+-------+-------++-------
Melee: Club              |    86 |       ||    86
       Punch             |     2 |       ||     2
       Dagger            |    52 |    41 ||    93
Evoke: Wand              |     1 |       ||     1
  Use: Potion            |       |     1 ||     1
 Stab: Sleeping          |     2 |     1 ||     3
Armor: Leather armour    |    44 |     5 ||    49
Dodge: Dodged            |    83 |    20 ||   103
